 Dungeon Crawl Stone Soup version 0.21.1-1-g345015fe64 (webtiles) character file.

5259 Oravi the Nimble (level 10, 0/65 HPs)
             Began as a Merfolk Transmuter on Apr 29, 2018.
             Was an Elder of Okawaru.
             Slain by Tegun's ghost (32 damage)
             ... on level 8 of the Dungeon on Apr 30, 2018.
             The game lasted 00:48:11 (8912 turns).

Oravi the Nimble (Merfolk Transmuter)               Turns: 8912, Time: 00:48:12

Health: 0/65       AC:  8    Str: 10    XL:     10   Next: 62%
Magic:  23/28      EV: 25    Int: 18    God:    Okawaru [****..]
Gold:   411        SH:  0    Dex: 16    Spells: 4/13 levels left

rFire    . . .     SeeInvis .   o - staff of power
rCold    . . .     Gourm    .   (no shield)
rNeg     . . .     Faith    .   b - +1 robe
rPois    .         Spirit   .   K - +1 helmet
rElec    .         Reflect  .   M - +0 cloak
rCorr    .         Harm     .   w - +0 pair of gloves
MR       .....                  C - +0 pair of boots (curse)
Stlth    +.........             (no amulet)
HPRegen  0.20/turn              q - +3 ring of intelligence
MPRegen  0.21/turn              I - +4 ring of evasion (curse)

@: slowed, very slow
A: change form in water, swift swim, stealthy swim
a: Heroism, Renounce Religion


You were on level 8 of the Dungeon.
You worshipped Okawaru.
Okawaru was greatly pleased with you.
You were hungry.

You visited 2 branches of the dungeon, and saw 9 of its levels.

You collected 411 gold pieces.

Inventory:

Hand Weapons
 f - a cursed +1 spear
Missiles
 a - 96 arrows
 e - 414 stones (quivered)
 F - 2 tomahawks of dispersal
 O - 8 poisoned tomahawks
Armour
 b - a +1 robe (worn)
 w - a +0 pair of gloves (worn)
 C - a cursed +0 pair of boots (worn)
 K - a +1 helmet (worn)
 M - a +0 cloak (worn)
Magical Staves
 o - an uncursed staff of power (weapon)
Jewellery
 h - an uncursed ring of protection from cold
 m - an uncursed ring of protection from magic
 q - a +3 ring of intelligence (left hand)
 t - an uncursed ring of protection from magic
 z - an uncursed ring of ice
 I - a cursed +4 ring of evasion (right hand)
Wands
 x - a wand of clouds (7)
 y - a wand of disintegration (8)
Scrolls
 k - a scroll of enchant armour
 p - a scroll of teleportation
 u - 2 scrolls of remove curse
 D - a scroll of amnesia
 E - a scroll of immolation {unknown}
 H - a scroll of magic mapping {unknown}
 J - 2 scrolls of fear {unknown}
 N - a scroll of fog
Potions
 g - a potion of ambrosia
 i - a potion of resistance
 j - a potion of might
 l - 2 potions of lignification
 n - 2 potions of curing
 r - 2 potions of heal wounds {unknown}
 s - a potion of invisibility {unknown}
 v - 3 potions of degeneration {unknown}
 A - 2 potions of flight {unknown}
 B - 2 potions of haste {unknown}
 L - a potion of brilliance {unknown}
Books
 c - a book of Changes

   Spells                             Type                      Level
   a - Beastly Appendage              Transmutation                1
   b - Sticks to Snakes               Transmutation                2
   c - Spider Form                    Transmutation/Poison         3
   d - Ice Form                       Ice/Transmutation            4
   e - Blade Hands                    Transmutation                5
Comestibles
 d - 17 rations
 G - 14 chunks of flesh


   Skills:
 - Level 1.1 Fighting
 + Level 11.6 Dodging
 + Level 11.1 Unarmed Combat
 + Level 2.0 Spellcasting
 + Level 8.1 Transmutations
 + Level 4.7 Ice Magic
 - Level 3.0 Poison Magic


You had 4 spell levels left.
You knew the following spells:

 Your Spells              Type           Power        Failure   Level  Hunger
a - Spider Form           Tmut/Pois      ###.......   5%          3    ###....
b - Sticks to Snakes      Tmut           ####....     1%          2    ###....
c - Ice Form              Ice/Tmut       ####....     13%         4    #####..


Dungeon Overview and Level Annotations

Branches:
Dungeon (8/15)             Temple (1/1) D:4
   Lair: D:8-11

Altars:
Ashenzari
Cheibriados
Dithmenos
Elyvilon
Fedhas
Gozag
Hepliaklqana
Kikubaaqudgha
Makhleb
Nemelex Xobeh
Okawaru
Qazlal
Ru
Sif Muna
Trog
Uskayaw
Vehumet
Wu Jian
Xom
Yredelemnul
Zin
The Shining One

Shops:
D:5 }   D:8 [*

Annotations:
D:2 1 runed door
D:5 tensugalgo's ghost, novice FoFi
D:8 exclusion: statue, Tegun's ghost, novice OgSk


Message History

Tegun's ghost hits you!!
Your ball python barely misses Tegun's ghost.
Your adder bites Tegun's ghost.
Your ball python closely misses Tegun's ghost.
Your adder bites Tegun's ghost.
Your ball python bites Tegun's ghost but does no damage.
Your adder barely misses Tegun's ghost.
Your ball python bites Tegun's ghost but does no damage.
Your adder closely misses Tegun's ghost.
Tegun's ghost closely misses you.
Your ball python barely misses Tegun's ghost.
Your ball python bites Tegun's ghost.
Your adder bites Tegun's ghost but does no damage.
Your adder closely misses Tegun's ghost.
Tegun's ghost barely misses you.
Your ball python bites Tegun's ghost but does no damage.
Your adder bites Tegun's ghost but does no damage.
Your ball python barely misses Tegun's ghost.
Tegun's ghost hits you!!
You die...

...#...###........#
.....#.###........#
...###............# ...#
#....#.)..)<## # ....
#.......)...##.#
.............)....#.# ....
#.##.........)......# #.... ..
###............####.... ..
#....#.....@## #....
..#.##...###....W.###..#
..#.##...#⌠_..∩SS...#.#
..#......###....S##...## .(.#
#..W.#............#
....##......#..#...##..##########
..#....................#........#
..##...#........................#
.......#.#...........#..........#


You could see Tegun's ghost, a friendly adder and 2 friendly ball pythons.

Vanquished Creatures
  A two-headed ogre (D:8)
  Erica (D:8)
  Grinder (D:4)
  A hornet (D:8)
  2 hippogriffs
  Sigmund (D:2)
  A steam dragon (D:8)
  A hungry ghost (D:8)
  2 orc warriors
  3 centaurs
  2 ogres
  A crocodile (D:8)
  3 bullfrogs (D:7)
  A wyvern skeleton (D:5)
  5 scorpions
  9 killer bees
  3 wights (D:6)
  A howler monkey (D:4)
  3 crimson imps
  A quasit (D:7)
  2 hounds
  4 orc priests
  A jelly (D:3)
  4 orc wizards
  A bullfrog skeleton (D:5)
  Jessica (D:3)
  3 centaur skeletons
  7 worker ants
  2 iguanas
  A worker ant zombie (D:7)
  Robin (D:2)
  8 adders
  A shadow imp (D:6)
  An ooze (D:3)
  2 adder zombies
  4 worms
  2 dart slugs
  2 leopard geckos
  28 orcs
  4 bats
  8 giant cockroaches
  10 hobgoblins
  6 jackals
  A quokka (D:4)
  2 ball pythons
  A ball python skeleton (D:5)
  7 frilled lizards
  13 goblins
  A jackal zombie (D:6)
  7 kobolds
  A leopard gecko skeleton (D:6)
  A quokka zombie (D:6)
  5 rats
185 creatures vanquished.

Vanquished Creatures (collateral kills)
  The ghost of Ivernyr the Charmwright, an amateur DsSk (D:3)
1 creature vanquished.

Grand Total: 186 creatures vanquished

Notes
Turn   | Place    | Note
-------+----------+-------------------------------------------
     0 | D:1      | Oravi the Merfolk Transmuter began the quest for the Orb.
     0 | D:1      | Reached XP level 1. HP: 15/15 MP: 3/3
   245 | D:1      | Reached XP level 2. HP: 15/21 MP: 5/5
   378 | D:1      | You fall through a shaft!
   985 | D:2      | Noticed Robin
  1247 | D:2      | Killed Robin
  1247 | D:2      | Reached XP level 3. HP: 24/26 MP: 4/6
  1253 | D:1      | Learned a level 2 spell: Sticks to Snakes
  1257 | D:1      | Learned a level 3 spell: Spider Form
  1638 | D:2      | Noticed Sigmund
  1644 | D:2      | Found a basalt altar of Yredelemnul.
  1653 | D:2      | Killed Sigmund
  1653 | D:2      | Reached skill level 5 in Unarmed Combat
  1653 | D:2      | Reached skill level 5 in Transmutations
  1653 | D:2      | Reached XP level 4. HP: 32/32 MP: 4/7
  1653 | D:2      | Reached XP level 5. HP: 37/37 MP: 4/8
  1655 | D:2      | Found a white marble altar of Elyvilon.
  1656 | D:2      | Found a shimmering altar of Xom.
  1710 | D:2      | Found a snail-covered altar of Cheibriados.
  1711 | D:2      | Found a burning altar of Makhleb.
  1933 | D:2      | Found a runed door.
  1956 | D:2      | Found a faded altar of an unknown god.
  2007 | D:3      | Reached XP level 6. HP: 42/43 MP: 7/9
  2053 | D:3      | Noticed Ivernyr's ghost (amateur DsSk)
  2481 | D:3      | Found an iron altar of Okawaru.
  2680 | D:3      | Became a worshipper of Warmaster Okawaru
  2761 | D:3      | Killed Ivernyr's ghost
  3199 | D:3      | Noticed Jessica
  3206 | D:3      | Killed Jessica
  3321 | D:3      | Reached XP level 7. HP: 45/48 MP: 6/10
  3325 | D:3      | Found a shattered altar of Ashenzari.
  4057 | D:4      | Found a sparkling altar of Nemelex Xobeh.
  4103 | D:4      | Reached * piety under Okawaru
  4108 | D:4      | Noticed Grinder
  4121 | D:4      | Killed Grinder
  4121 | D:4      | Reached skill level 5 in Dodging
  4121 | D:4      | Reached XP level 8. HP: 53/54 MP: 7/11
  4393 | D:4      | Found a staircase to the Ecumenical Temple.
  4408 | Temple   | Entered the Ecumenical Temple
  4716 | D:5      | Entered Level 5 of the Dungeon
  4850 | D:5      | Noticed tensugalgo's ghost (novice FoFi)
  5029 | D:4      | Reached ** piety under Okawaru
  5184 | D:5      | Found Afrusk's Gadget Shoppe.
  6237 | D:6      | Reached XP level 9. HP: 59/59 MP: 9/12
  6864 | D:6      | Reached *** piety under Okawaru
  7050 | D:6      | Found a sacrificial altar of Ru.
  7402 | D:7      | Reached skill level 10 in Dodging
  7402 | D:7      | Reached skill level 10 in Unarmed Combat
  7590 | D:7      | Learned a level 4 spell: Ice Form
  7736 | D:7      | Found a stormy altar of Qazlal.
  7975 | D:7      | Found a burning altar of Makhleb.
  8150 | D:8      | Found Zin's Purification Station.
  8150 | D:8      | Found a glowing silver altar of Zin.
  8167 | D:8      | Reached skill level 1 in Ice Magic
  8191 | D:8      | Reached **** piety under Okawaru
  8237 | D:8      | Reached XP level 10. HP: 40/65 MP: 13/13
  8404 | D:8      | Noticed a two-headed ogre
  8433 | D:8      | Killed a two-headed ogre
  8433 | D:8      | Received a gift from Okawaru
  8518 | D:8      | Noticed Tegun's ghost (novice OgSk)
  8553 | D:8      | Found Qicocuh's Antique Armour Emporium.
  8602 | D:8      | Noticed Erica
  8621 | D:8      | Killed Erica
  8621 | D:8      | Received a gift from Okawaru
  8738 | D:8      | Found a bloodstained altar of Trog.
  8883 | D:8      | Found a radiant altar of Vehumet.
  8912 | D:8      | Slain by Tegun's ghost

Skill      XL: |  1  2  3  4  5  6  7  8  9 10 |
---------------+-------------------------------+-----
Transmutations | 3 5 6 8 |  8.1
Unarmed Combat | 4 5 7 8 10 11 | 11.1
Poison Magic   | 2 3 |  3.0
Dodging        | 3 5 8 10 11 | 11.6
Ice Magic      | 2 4 |  4.7
Fighting       | |  1.1
Spellcasting   | |  2.0

Action                   |  1- 3 |  4- 6 |  7- 9 | 10-12 || total
-------------------------+-------+-------+-------+-------++-------
Melee: Unarmed           |   116 |    92 |   325 |    60 ||   593
       Headbutt          |    10 |     1 |       |       ||    11
       Staff             |       |       |     4 |    24 ||    28
       Tailslap          |       |       |       |     4 ||     4
       Punch             |       |       |       |     1 ||     1
Throw: Stone             |    10 |    36 |    14 |       ||    60
 Cast: Beastly Appendage |    20 |     3 |     3 |       ||    26
       Spider Form       |     2 |    13 |    45 |     8 ||    68
       Sticks to Snakes  |       |     3 |     2 |     1 ||     6
Invok: Heroism           |       |       |     3 |       ||     3
 Abil: End Transformatio |       |       |       |     1 ||     1
Evoke: Wand              |       |       |     1 |       ||     1
  Use: Scroll            |     1 |     2 |     7 |     1 ||    11
 Stab: Sleeping          |     1 |     1 |     5 |       ||     7
       Distracted        |       |     1 |       |     1 ||     2
  Eat: Chunk             |     3 |     8 |    15 |     3 ||    29
       Ration            |       |       |     2 |       ||     2
Armor: Robe              |    30 |     1 |     2 |     1 ||    34
       Skin              |       |     5 |     8 |       ||    13
Dodge: Dodged            |    73 |    69 |   323 |    86 ||   551
